 Dungeon Crawl Stone Soup version 0.18-a0-1784-ga939a68 (webtiles) character file.

51 mmcf the Gusty (level 3, -4/19 HPs)
             Began as a Tengu Air Elementalist on Apr 18, 2016.
             Killed from afar by Sigmund (8 damage)
             ... with a magic dart
             ... on level 1 of the Dungeon.
             The game lasted 00:06:26 (2451 turns).

mmcf the Gusty (Tengu Air Elementalist)             Turns: 2451, Time: 00:06:27

Health: -4/19      AC:  2    Str:  8    XL:     3   Next: 81%
Magic:  6/8        EV: 12    Int: 16    God:
Gold:   46         SH:  0    Dex: 14    Spells: 3 memorised, 2 levels left

rFire  . . .     SeeInvis .     (no weapon)
rCold  . . .     Gourm    .     a - +0 robe
rNeg   . . .     Faith    .     (no shield)
rPois  .         Spirit   .     (helmet restricted)
rElec  .         Dismiss  .     (no cloak)
rCorr  .         Reflect  .     (no gloves)
SustAt .         Harm     .     (boots unavailable)
MR     .....                    (no amulet)
Stlth  ++........               (no ring)
                                (no ring)

@: lethally poisoned (-4 -> -11), very slightly contaminated, repel missiles,
not resistant to hostile enchantments, unstealthy
A: beak, talons 3
a: no special abilities


You were on level 1 of the Dungeon.
You were not hungry.

You visited 1 branch of the dungeon, and saw 2 of its levels.

You collected 46 gold pieces.

Inventory:

Missiles
 g - 11 poisoned needles
Armour
 a - a +0 robe (worn)
Scrolls
 e - 2 scrolls of identify {unknown}
 h - 2 scrolls of magic mapping {unknown}
 i - a scroll of random uselessness {unknown}
 l - a scroll of enchant armour {unknown}
Potions
 d - 2 potions of lignification {unknown}
 j - 3 potions of curing {unknown}
 k - a potion of haste {unknown}
 m - a potion of heal wounds {unknown}
 n - a potion of might {unknown}
Books
 b - a book of Air

   Spells                             Type                      Level
   a - Shock                          Conjuration/Air              1
   b - Swiftness                      Charms/Air                   2
   c - Repel Missiles                 Charms/Air                   2
   d - Static Discharge               Conjuration/Air              3
   e - Lightning Bolt                 Conjuration/Air              5
Comestibles
 c - a bread ration
 f - a meat ration
 o - a chunk of flesh


   Skills:
 - Level 2.1 Dodging
 - Level 2.0 Stealth
 + Level 2.7 Spellcasting
 + Level 2.5 Conjurations
 + Level 4.9 Air Magic


You had 2 spell levels left.
You knew the following spells:

 Your Spells              Type           Power        Failure   Level  Hunger
a - Shock                 Conj/Air       ##..         6%          1    #......
b - Swiftness             Chrm/Air       ##......     12%         2    ##.....
c - Repel Missiles        Chrm/Air       ##....       12%         2    ##.....


Dungeon Overview and Level Annotations

Branches:
Dungeon (2/15)

Altars:

Annotations:
D:1 Sigmund


Innate Abilities, Weirdness & Mutations

You have a beak for a mouth.
You have claws for feet.


Message History

Level annotation: Sigmund Sigmund hits you with a scythe of venom.
There is a stone staircase leading up here.
Sigmund hits you with a scythe of venom!
You are lethally poisoned!
You climb upwards.
You feel sick.
There is a stone staircase leading down here.
You see here a club.
Casting: Shock
Confirm with . or Enter, or press ? or * to list all spells.
You miscast Swiftness.
You are very lightly contaminated with residual magic.
Nothing appears to happen.
* * * LOW HITPOINT WARNING * * *
You feel sick.
* * * LOW HITPOINT WARNING * * *
You feel sick.
Sigmund points at you and mumbles some strange words.
The magic dart hits you!
You die...

#.#######.##### #.# #....).>.##
#.# #.##.##...######## #.#
#.##.##..........# #.#
#.##.##...######.# ###########.#
#.##.###### ##... ............#
#.##.#########.... .###.######.#
#.##.##........... .##..)## #.#
#@##.##.#.####....
##.....####)####>##....#...###...
...........).....@...#####......#
##......###............#...###..#
##...#.# #.#..........#...# #..#
#####.# #.#..#######...#.# #..#
#.# #....# ####.##.# #..# #.#
###'######.##.##.# #..# #######.#
#...#≈≈≈≈#.##.##.# #..#


You could see Sigmund.

Vanquished Creatures
  3 worms (D:2)
  2 dart slugs (D:1)
  2 giant geckos (D:2)
  A ball python (D:1)
  7 bats
  2 giant cockroaches
  4 hobgoblins
  4 jackals (D:2)
  A giant newt (D:1)
  4 kobolds
  3 rats
33 creatures vanquished.

Notes
Turn   | Place    | Note
--------------------------------------------------------------
     0 | D:1      | mmcf the Tengu Air Elementalist began the quest for the Orb.
     0 | D:1      | Reached XP level 1. HP: 10/10 MP: 4/4
   310 | D:1      | Reached XP level 2. HP: 9/15 MP: 1/6
   979 | D:1      | Learned a level 2 spell: Swiftness
   982 | D:1      | Learned a level 2 spell: Repel Missiles
  1164 | D:1      | You fall through a shaft!
  1398 | D:1      | Reached XP level 3. HP: 14/19 MP: 2/7
  1851 | D:2      | Noticed Sigmund
  2451 | D:1      | Killed from afar by Sigmund

Vault maps used:
D:1:      ncdulo_wetmaze
D:2:      first_bread, uniq_sigmund

Skill      XL: |  1  2 |
---------------+-------+-----
Conjurations   | 2 |  2.5
Dodging        | |  2.1
Stealth        | |  2.0
Spellcasting   | |  2.7
Air Magic      | |  4.9

Action                   || total
-------------------------++-------
Melee: Unarmed           ||    28
       Kick              ||    10
       Peck              ||     8
 Cast: Shock             ||    86
       Repel Missiles    ||     1
       Swiftness         ||     2
  Eat: Chunk             ||     6
Armor: Robe              ||    12
Dodge: Dodged            ||    37
